 Dungeon Crawl Stone Soup version 0.26.1-11-gd32895ea62 (webtiles) character file.

Game seed: 5100809539486282849

12488 H0rd4k the Martial Artist (level 11, -1/70 HPs)
             Began as an Octopode Transmuter on May 10, 2021.
             Was an Initiate of Gozag.
             Slain by a yak (7 damage)
             ... on level 1 of the Lair of Beasts.
             The game lasted 00:24:23 (12511 turns).

H0rd4k the Martial Artist (Octopode Transmuter)    Turns: 12511, Time: 00:24:23

Health: -1/70      AC:  5    Str: 10      XL:     11   Next: 94%
Magic:  31/31      EV: 16    Int: 25      God:    Gozag
Gold:   207        SH:  0    Dex: 11 (12) Spells: 12/24 levels left

rFire    . . .     SeeInvis +     - Unarmed
rCold    + . .     Faith    .   (no shield)
rNeg     . . .     Spirit   .   (helmet restricted)
rPois    .         Reflect  .   j - amulet of regeneration
rElec    .         Harm     .   g - ring of protection from cold
rCorr    .         Rampage  .   l - +4 ring of protection
Will     .....                  v - ring of stealth
Stlth    +++++.....             C - +6 ring of intelligence
HPRegen  0.61/turn              E - ring of magical power
MPRegen  0.22/turn              K - ring of see invisible
                                d - ring of flight
                                (no ring)

@: about to teleport, studying Hexes
A: almost no armour, stealthy swim, amphibious, 8 rings, constrict 8, camouflage
1, gelatinous body 1
a: Renounce Religion, Evoke Flight, Potion Petition, Call Merchant, Bribe Branch


You were on level 1 of the Lair of Beasts.
You worshipped Gozag.
Gozag was aware of your devotion.
You visited 3 branches of the dungeon, and saw 13 of its levels.
You also visited: Sewer.

You collected 1887 gold pieces.
You spent 860 gold pieces at shops.
You paid 820 gold pieces to Gozag.

Inventory:

Missiles
 z - 36 poisoned darts (quivered)
 D - 3 atropa-tipped darts
Magical Staves
 J - an uncursed staff of conjuration {unknown}
Jewellery
 d - a ring of flight (on tentacle)
 g - a ring of protection from cold (left tentacle)
 j - an amulet of regeneration (around mantle)
 l - a +4 ring of protection (right tentacle)
 v - a ring of stealth (on tentacle)
 C - a +6 ring of intelligence (on tentacle)
 E - a ring of magical power (on tentacle)
 K - a ring of see invisible (on tentacle)
 N - the amulet "Bihoo" {Reflect Dex+4 SH+5}
   (You bought it in a shop on level 9 of the Dungeon)

   [amulet of reflection]

   It shields you and reflects attacks.
   It affects your dexterity (+4).
   It affects your SH (+5).
Wands
 q - a wand of paralysis (6)
 s - a wand of random effects (71)
 t - a wand of flame (21)
 G - a wand of enslavement (11)
Scrolls
 b - a scroll of random uselessness {unknown}
 c - 7 scrolls of remove curse
 e - 8 scrolls of teleportation
 f - 3 scrolls of amnesia
 h - 4 scrolls of enchant weapon
 m - 4 scrolls of fog
 r - a scroll of immolation {unknown}
 u - 2 scrolls of enchant armour {unknown}
 w - a scroll of fear {unknown}
 x - a scroll of blinking {unknown}
 y - 3 scrolls of magic mapping {unknown}
 B - a scroll of noise {unknown}
 H - a scroll of brand weapon {unknown}
 I - a scroll of vulnerability {unknown}
Potions
 a - 6 potions of heal wounds
 i - 8 potions of curing
 k - 2 potions of haste
 n - a potion of degeneration
 o - 2 potions of berserk rage
 p - a potion of flight
 A - 2 potions of might
 F - 2 potions of mutation
 L - a potion of invisibility {unknown}
Books
 M - a manual of Hexes


   Skills:
 + Level 4.9 Fighting
 + Level 0.2 Throwing
 + Level 6.1 Dodging
 + Level 7.1 Stealth
 + Level 11.6 Unarmed Combat
 + Level 7.3 Spellcasting
 + Level 8.5 Transmutations
 - Level 3.2 Poison Magic
 + Level 2.2 Evocations


You had 12 spell levels left.
You knew the following spells:

 Your Spells              Type           Power        Failure   Level
a - Beastly Appendage     Tmut           100%         1%          1
b - Spider Form           Tmut/Pois      19%          1%          3
c - Blade Hands           Tmut           25%          5%          5
d - Confusing Touch       Hex            9%           19%         3

Your spell library contained the following spells:

 Spells                   Type           Power        Failure   Level
 Wereblood                Tmut           51%          1%          2
 Animate Skeleton         Necr           18%          6%          1
 Apportation              Tloc           18%          6%          1
 Corona                   Hex            10%          6%          1
 Summon Small Mammal      Summ           36%          6%          1
 Ice Form                 Ice/Tmut       30%          11%         4
 Petrify                  Tmut/Erth      30%          11%         4
 Gell's Gravitas          Tloc           4%           19%         3
 Yara's Violent Unravell  Hex/Tmut       15%          30%         5
 Metabolic Englaciation   Hex/Ice        4%           87%         5


Dungeon Overview and Level Annotations

Branches:
Dungeon (11/15)            Temple (1/1) D:6            Lair (1/6) D:9
  Sewer (visited)
    Orc: D:9-12

Altars:
Ashenzari
Cheibriados
Dithmenos
Elyvilon
Fedhas
Gozag
Hepliaklqana
Kikubaaqudgha
Makhleb
Nemelex Xobeh
Okawaru
Qazlal
Ru
Sif Muna
Trog
Uskayaw
Vehumet
Wu Jian
Xom
Yredelemnul
Zin
The Shining One

Shops:
D:7 =   D:9 =

Annotations:
D:10 Erolcha
D:11 1 exclusion


Innate Abilities, Weirdness & Mutations

You cannot wear most types of armour.
You are very stealthy in the water. (Stealth+)
You are amphibious.
You can wear up to eight rings at the same time.
You can use your tentacles to constrict eight enemies at once.
Your skin changes colour to match your surroundings (Stealth+).
Your rubbery body absorbs attacks. (AC +1, EV +1)


Message History

N - the amulet "Bihoo" {Reflect Dex+4 SH+5} Thank you for shopping at Cacextud's Jewellery Emporium!
There is a staircase to the Lair here.
You climb downwards.
Welcome back to the Lair of Beasts!
You feel an oppressive heat about you.
There is an entrance to a volcano on this level.
Hurry and find it before the entrance collapses!
You hear the slow rumble of a distant avalanche of rocks.
An eight-headed hydra comes into view.
The yak gores you! x3
* * * LOW HITPOINT WARNING * * *
The yak gores you!
* * * LOW HITPOINT WARNING * * *
The yak gores you but does no damage.
There is a staircase back to the Dungeon, spattered with blood here.
As you read the scroll of teleportation, it crumbles to dust.
You feel strangely unstable.
A komodo dragon comes into view.
The yak gores you!
You die...
Your body crumbles into a pile of gold.

...##≈≈.≈≈≈..
..?....≈≈..
#....≈..≈. .
#....≈.≈≈
..#......≈
..l......
#D..YY#
#...Y@#
####### $


You could see an eight-headed hydra, a komodo dragon and 3 yaks.

Vanquished Creatures
  A two-headed ogre (D:8)
  Pikel (D:4)
  A deep elf mage (D:11)
  A gargoyle (D:11)
  Maggie (D:7)
  3 trolls
  A troll (shapeshifter) (D:11)
  18 yaks
  Eustachio (D:5)
  4 wyverns
  A basilisk (D:9)
  Edmund (D:5)
  Menkaure (D:4)
  3 water moccasins
  Duvessa (D:4)
  3 ice beasts
  A black bear (D:9)
  2 orc warriors
  A hornet zombie (D:11)
  2 phantoms
  A sky beast (D:10)
  6 ogres
  4 wolves (D:9)
  2 lemures (D:3)
  5 centaurs
  A big kobold (D:8)
  12 bullfrogs
  3 scorpions
  A wyvern skeleton (D:7)
  Dowan (D:4)
  8 killer bees
  8 wights
  A howler monkey (D:5)
  2 bullfrog zombies
  2 centaur zombies
  2 quasits
  A bullfrog skeleton (D:11)
  Crazy Yiuf (D:7)
  A gnoll shaman (D:6)
  4 orc priests
  4 hounds
  6 jellies
  4 iguanas
  5 orc wizards
  Ijyb (D:3)
  7 worker ants
  A hound skeleton (D:8)
  2 worker ant zombies (D:11)
  Robin (D:3)
  7 gnolls
  7 adders
  A howler monkey skeleton (D:4)
  2 shadow imps
  A white imp (D:6)
  4 ufetubi
  An ooze (D:9)
  3 worms
  2 dart slugs (D:1)
  5 leopard geckos
  36 orcs
  2 ball pythons
  5 giant cockroaches
  19 goblins
  13 hobgoblins
  9 jackals
  6 quokkas
  15 bats
  2 frilled lizards
  14 kobolds
  A leopard gecko skeleton (D:4)
  12 rats
  A spectral orc (D:4)
313 creatures vanquished.

Vanquished Creatures (others)
  2 fungi (D:9)
  12 plants (D:9)
14 creatures vanquished.

Grand Total: 327 creatures vanquished

Notes
Turn   | Place    | Note
-------+----------+-------------------------------------------
     0 | D:1      | H0rd4k the Octopode Transmuter began the quest for the Orb.
     0 | D:1      | Reached XP level 1. HP: 13/13 MP: 3/3
   356 | D:1      | Reached XP level 2. HP: 16/18 MP: 5/5
   780 | D:1      | Reached XP level 3. HP: 20/23 MP: 6/6
   784 | D:1      | Learned a level 3 spell: Spider Form
   926 | D:1      | Reached skill level 1 in Poison Magic
  1619 | D:2      | Reached XP level 4. HP: 18/28 MP: 7/7
  1782 | D:2      | Reached skill level 4 in Unarmed Combat
  2225 | D:2      | Found a hide-covered altar of Uskayaw.
  2489 | D:3      | Noticed Robin
  2506 | D:3      | Killed Robin
  2611 | D:3      | Reached XP level 5. HP: 13/33 MP: 8/8
  2756 | D:3      | Found a glowing drain.
  2761 | Sewer    | Entered a sewer
  2800 | Sewer    | Noticed a water moccasin
  2808 | Sewer    | Killed a water moccasin
  2809 | Sewer    | Reached XP level 6. HP: 22/38 MP: 8/10
  3032 | D:3      | Noticed Ijyb
  3046 | D:3      | Killed Ijyb
  3047 | D:3      | Reached skill level 5 in Unarmed Combat
  3957 | D:3      | Reached XP level 7. HP: 17/43 MP: 7/12
  4103 | D:4      | Found a shadowy altar of Dithmenos.
  4103 | D:4      | Noticed Duvessa
  4103 | D:4      | Noticed Menkaure
  4111 | D:4      | Killed Menkaure
  4144 | D:4      | Noticed Dowan
  4150 | D:4      | Noticed Pikel
  4374 | D:4      | Found a basalt altar of Yredelemnul.
  4571 | D:4      | Killed Pikel
  4572 | D:4      | Reached skill level 6 in Unarmed Combat
  4572 | D:4      | Reached skill level 1 in Evocations
  4572 | D:4      | Reached XP level 8. HP: 47/48 MP: 8/14
  4687 | D:4      | Killed Dowan
  4703 | D:4      | Killed Duvessa
  4951 | D:4      | Found an iron altar of Okawaru.
  4983 | D:5      | Entered Level 5 of the Dungeon
  5018 | D:5      | Noticed Edmund
  5040 | D:5      | Killed Edmund
  5041 | D:5      | Reached skill level 7 in Unarmed Combat
  5073 | D:5      | Noticed Eustachio
  5087 | D:4      | Reached skill level 5 in Transmutations
  5484 | D:5      | Killed Eustachio
  5485 | D:5      | Reached skill level 1 in Stealth
  5485 | D:5      | Reached XP level 9. HP: 47/55 MP: 16/16
  5554 | D:5      | Learned a level 5 spell: Blade Hands
  5647 | D:5      | Reached skill level 5 in Spellcasting
  5776 | D:5      | Found a sacrificial altar of Ru.
  6265 | D:6      | Found a staircase to the Ecumenical Temple.
  6311 | Temple   | Entered the Ecumenical Temple
  6415 | Temple   | Became a worshipper of Gozag Ym Sagoz the Greedy
  6484 | D:6      | Reached skill level 8 in Unarmed Combat
  7060 | D:7      | Reached XP level 10. HP: 46/63 MP: 15/18
  7441 | D:7      | Reached skill level 9 in Unarmed Combat
  7572 | D:7      | Learned a level 3 spell: Confusing Touch
  7592 | D:7      | Found Doram's Jewellery Shop.
  7595 | D:7      | Noticed Maggie
  7602 | D:7      | Killed Maggie
  7604 | D:7      | Found a blossoming altar of Fedhas.
  7663 | D:7      | Found a glowing golden altar of the Shining One.
  7689 | D:7      | Found a bloodstained altar of Trog.
  7772 | D:7      | Found a runed translucent door.
  7773 | D:7      | Noticed Crazy Yiuf
  7942 | D:7      | Killed Crazy Yiuf
  8255 | D:8      | Reached skill level 5 in Dodging
  8305 | D:8      | You fall into a shaft and drop 1 floor!
  8343 | D:9      | Reached skill level 5 in Stealth
  8485 | D:8      | Found a shimmering blue altar of Sif Muna.
  9016 | D:8      | Noticed a two-headed ogre
  9027 | D:8      | Killed a two-headed ogre
  9207 | D:9      | Found a staircase to the Lair.
  9216 | D:9      | Reached skill level 10 in Unarmed Combat
  9288 | D:9      | Reached XP level 11. HP: 57/70 MP: 20/20
  9754 | D:9      | Got a slimy rapier
  9771 | D:9      | Found a glowing silver altar of Zin.
  9927 | D:9      | Found a sparkling altar of Nemelex Xobeh.
 10060 | D:9      | Found a radiant altar of Vehumet.
 10160 | D:9      | Found a blossoming altar of Fedhas.
 10162 | D:9      | Found a broken altar of Ashenzari.
 10162 | D:9      | Found an ornate altar of the Wu Jian Council.
 10164 | D:9      | Found a broken altar of Ashenzari.
 10164 | D:9      | Found a shimmering altar of Xom.
 10164 | D:9      | Found a shimmering blue altar of Sif Muna.
 10406 | D:7      | Bought an uncursed ring of see invisible for 225 gold
                  | pieces
 10420 | D:7      | Identified the cursed +1 rapier of Symmetry {elec, +Fly
                  | rElec Str-5 Int-5} (You found it on level 9 of the Dungeon)
 10482 | D:10     | Entered Level 10 of the Dungeon
 10855 | D:10     | Noticed Erolcha
 11134 | D:10     | Reached skill level 11 in Unarmed Combat
 11654 | D:11     | Noticed a white ugly thing
 11706 | D:11     | Noticed a cyan ugly thing
 11728 | D:11     | Identified the cursed +1 falchion "Nusch" {vorpal, rF+
                  | Dex+4}
 11728 | D:11     | Noticed a deep elf mage
 11785 | D:11     | Killed a deep elf mage
 12429 | Lair:1   | Entered Level 1 of the Lair of Beasts
 12507 | D:9      | Bought the amulet "Bihoo" {Reflect Dex+4 SH+5} for 635 gold
                  | pieces
 12510 | Lair:1   | Noticed an eight-headed hydra
 12511 | Lair:1   | Slain by a yak

Illustrated notes

Levels and vault maps discovered:
D:1:      psy_arrival_conway, layout_rooms, minmay_pentomino_x4
D:2:      layout_basic, general_overflow_altar
D:3:      layout_basic, gup_sewer_entry_spiral, uniq_robin, uniq_ijyb
D:4:      kennysheep_big_flooded_room, layout_basic,
          yredelemnul_forgotten_temple_becter, kennysheep_little_box,
          nicolae_dithmenos_shadow_blocks, uniq_pikel, uniq_duvessa,
          uniq_menkaure
D:5:      layout_rooms, lemuel_round_altar, uniq_edmund, uniq_eustachio
D:6:      layout_basic, minmay_temple_entry_stoned_glass
D:7:      layout_basic, nicolae_overflow_crystal_walls, lemuel_doored_altar,
          kennysheep_mini_moat, serial_shops, shop, kennysheep_generic_room_6,
          uniq_maggie, uniq_crazy_yiuf_cottage
D:8:      layout_gridville, overflow_temple_1_default, grunt_ministairs_14
D:9:      layout_basic, fiery_altar_vehumet, doesnt_xom_only_xom,
          overflow_temple_1_default, minmay_lair_entry_grove, minivault_27,
          st_stairs_12, nemelex_dance_club_becter
D:10:     layout_basic, uniq_erolcha
D:11:     minmay_chambers_of_sevens, layout_cave_pods, uniq_psyche
Temple:   jpeg_temple_clearing
Lair:1:   layout_regular_city, serial_rivers, chequers_serial_rivers_small_a,
          chequers_serial_rivers_micro_a, chequers_serial_rivers_large_a,
          chequers_serial_rivers_small_3, chequers_serial_rivers_small_3,
          chequers_serial_rivers_small_3, enter_volcano_2, minmay_holes

Skill      XL: |  1  2  3  4  5  6  7  8  9 10 11 |
---------------+----------------------------------+-----
Poison Magic   | 1 2 3 |  3.2
Unarmed Combat | 4 5 6 7 8 10 11 | 11.6
Transmutations | 3 4 5 6 7 8 |  8.5
Spellcasting   | 3 4 5 6 7 |  7.3
Dodging        | 3 4 5 6 |  6.1
Evocations     | 1 2 |  2.2
Fighting       | 2 4 |  4.9
Stealth        | 1 4 5 7 |  7.1
Throwing       | |  0.2

Action                   |  1- 3 |  4- 6 |  7- 9 | 10-12 || total
-------------------------+-------+-------+-------+-------++-------
Melee: Unarmed           |    92 |   181 |   294 |   455 ||  1022
       Constrict         |    27 |    41 |    17 |    31 ||   116
       Tentacles         |    14 |    19 |    13 |    21 ||    67
       Punch             |     1 |     3 |     7 |     8 ||    19
Throw: Dart              |       |       |     2 |       ||     2
 Cast: Spider Form       |       |     9 |    25 |    31 ||    65
       Blade Hands       |       |       |       |     6 ||     6
Invok: Call Merchant     |       |       |       |     1 ||     1
Evoke: Wand              |       |     1 |     6 |     9 ||    16
  Use: Potion            |       |     1 |       |     1 ||     2
       Scroll            |       |       |       |    13 ||    13
 Stab: Sleeping          |     1 |     9 |     9 |    15 ||    34
       Distracted        |       |       |     1 |     2 ||     3
       Paralysed         |       |       |       |     6 ||     6
Armor: Skin              |     7 |    16 |    41 |    52 ||   116
Dodge: Dodged            |    52 |   127 |   265 |   341 ||   785
